 Dungeon Crawl Stone Soup version 0.29.1-12-g30fa7ad0bf (webtiles) character file.

Game seed: 2989095727070155800

350 HospitalGownGuy the Sneak (level 6, -1/35 HPs)
             Began as a Vampire Enchanter on Dec 23, 2022.
             Killed from afar by an orc wizard (13 damage)
             ... with a puff of flame
             ... on level 7 of the Dungeon.
             The game lasted 00:12:15 (1614 turns).

HospitalGownGuy the Sneak (Vampire Enchanter)       Turns: 1614, Time: 00:12:16

Health: -1/35      AC:  2    Str: 13    XL:     6   Next: 33%
Magic:  6/6        EV: 13    Int: 13    God:
Gold:   80         SH:  0    Dex: 15    Spells: 2/10 levels left

rFire   x . .      SeeInvis +   h - +9 short sword "Huegi" {antimagic, rC+ rN+++ Str+4 Int-4}
rCold   + + +      Faith    .   (no shield)
rNeg    + + +      Spirit   .   b - +0 robe
rPois   ∞          Reflect  .   (no helmet)
rElec   .          Harm     .   (no cloak)
rCorr   .          Rampage  .   (no gloves)
Will    .....                   (no boots)
Stlth   +++++.....              (no amulet)
HPRegen 0.00/turn               m - ring of magical power
MPRegen 0.10/turn               e - ring of ice

@: bloodless, inhibited regen
A: bloodless, fangs 3, see invisible, vampiric 2
a: Bat Form, Revivify


You were on level 7 of the Dungeon.
You visited 1 branch of the dungeon, and saw 6 of its levels.

You collected 80 gold pieces.

Inventory:

Hand Weapons
 a - a +1 dagger
 c - a +1 dagger of freezing
 h - the +9 short sword "Huegi" (weapon) {antimagic, rC+ rN+++ Str+4 Int-4}
   (You found it on level 3 of the Dungeon)

   It reduces the magical energy of the wielder, and disrupts the spells and
   magical abilities of those it strikes.
   Natural abilities and divine invocations are not affected.
   Str:       It affects your strength (+4).
   Int:       It affects your intelligence (-4).
   rC:        It protects you from cold.
   rN:        It renders you almost immune to negative energy.
Missiles
 d - 6 poisoned darts (quivered)
 l - 5 boomerangs
Armour
 b - a +0 robe (worn)
Jewellery
 e - a ring of ice (right hand)
 m - a ring of magical power (left hand)
Wands
 i - a wand of mindburst (14)
 j - a wand of paralysis (1)
 r - a wand of flame (15)
Scrolls
 f - 2 scrolls of brand weapon {unknown}
 n - a scroll of fog
 q - a scroll of teleportation
Potions
 g - a potion of might
 k - 2 potions of curing {unknown}
 p - a potion of brilliance {unknown}


   Skills:
 * Level 1.7 Fighting
 * Level 2.4 Short Blades
 * Level 1.2 Throwing
 * Level 1.2 Armour
 * Level 3.0 Dodging
 * Level 6.2 Stealth
 * Level 2.6 Spellcasting
 * Level 5.6 Hexes
 * Level 0.4 Ice Magic
 * Level 1.1 Evocations


You had 2 spell levels left.
You knew the following spells:

 Your Spells              Type           Power      Damage    Failure   Level
a - Ensorcelled Hibernat  Hex/Ice        28%        N/A       11%         2
b - Tukima's Dance        Hex            16%        N/A       7%          3
c - Frozen Ramparts       Ice            8%         1d2       52%         3

Your spell library contained the following spells:

 Spells                   Type           Power      Damage    Failure   Level
 Freeze                   Ice            16%        1d4       21%         1
 Confusing Touch          Hex            16%        N/A       7%          3
 Dazzling Flash           Conj/Hex       18%        N/A       22%         3
 Hailstorm                Conj/Ice       3%         3d3       91%         4


Dungeon Overview and Level Annotations

Branches:
Dungeon (8/15)             Temple (0/1) D:7
   Lair: D:8-11

Altars:


Innate Abilities, Weirdness & Mutations

You do not regenerate when monsters are visible.
You are frail without blood (-20% HP).
You can heal yourself when you bite living creatures.
You are immune to poison.
You have razor-sharp teeth.
You have supernaturally acute eyesight. (SInv)
You are afflicted with vampirism and can become a bat while bloodless.


Message History

r - a wand of flame (15)
There are no items here.
The orc wizard shouts!
You hear a shout! x2
An orc comes into view. It is wielding a +0 club.
Aiming: Quicksilver Bolt
Press: ? - help, Shift-Dir - straight line, f - orc
Aim: an orc, wielding a +0 club and wearing a +0 plate armour (83% to hit)
The bolt of dispelling energy misses the orc wizard.
The bolt of dispelling energy hits the gnoll bouda!
The gnoll bouda is heavily wounded.
The bolt of dispelling energy hits the orc.
The orc is heavily wounded.
The orc wizard points at you and mumbles some strange words.
The magic dart hits you!
Aiming: Quicksilver Bolt
Press: ? - help, Shift-Dir - straight line, f/p - orc
Aim: an orc, wielding a +0 club and wearing a +0 plate armour (heavily wounded, 83% to hit)
The bolt of dispelling energy hits the orc wizard!
The orc wizard is almost dead.
The bolt of dispelling energy misses the gnoll bouda.
The bolt of dispelling energy hits the orc!
You kill the orc!
The now-empty wand crumbles to dust.
An orc comes into view. It is wielding a +0 club.
Aiming: Mindburst
Press: ? - help, Shift-Dir - straight line, f - orc wizard
Aim: an orc wizard, wielding a +0 dagger and wearing a +0 robe (almost dead, chance to affect: 69%)
The orc wizard struggles to resist.
The gnoll shouts!
The orc wizard hits you with a +0 dagger.
You barely miss the orc wizard.
The orc wizard is almost dead.
The gnoll bouda hits you with a +0 club!
The orc wizard hits you with a +0 dagger.
You closely miss the orc wizard.
The orc wizard is almost dead.
The gnoll bouda misses you.
The orc wizard gestures at you while chanting.
The puff of flame hits you! The fire burns you terribly!
You die...

#.# #.# .# #.# .#..#
.#.. ##.## ...# .5..
#####...## #..# g..
.........# #..##g#
#####....# ##.....#
#(..#.# #.....# #
#.###.####.#.#.##..#
#.# #........@oo.).#
#.# ######.#.#g##.##
#.# #.....# #.#
###.### #.# ..# #>##
#### #..# ##.# #.#


You could see a gnoll bouda, an orc wizard, 2 gnolls, a white imp and an orc.

Vanquished Creatures
  Eustachio (D:4)
  A phantom (D:4)
  A jelly (D:4)
  An iguana (D:4)
  An orc wizard (D:8)
  A gnoll (D:8)
  A worm (D:4)
  3 orcs
  A ball python (D:3)
  2 bats
  An endoplasm (D:4)
  2 giant cockroaches
  6 goblins
  4 hobgoblins
  3 jackals (D:2)
  A quokka (D:4)
  8 frilled lizards
  3 kobolds
41 creatures vanquished.

Vanquished Creatures (collateral kills)
  An orc (D:4)
1 creature vanquished.

Vanquished Creatures (others)
  24 fungi (D:7)
  6 plants (D:2)
30 creatures vanquished.

Grand Total: 72 creatures vanquished

Notes
Turn   | Place    | Note
-------+----------+-------------------------------------------
     0 | D:1      | HospitalGownGuy the Vampire Enchanter began the quest for
                  | the Orb.
     0 | D:1      | Reached XP level 1. HP: 13/13 MP: 3/3
   328 | D:2      | Reached XP level 2. HP: 9/19 MP: 5/5
   378 | D:2      | Learned a level 2 spell: Ensorcelled Hibernation
   475 | D:3      | Identified the +9 short sword "Huegi" {antimagic, rC+ rN+++
                  | Str+4 Int-4}
   559 | D:4      | Noticed Eustachio
   611 | D:4      | Reached skill level 1 in Fighting
   611 | D:4      | Gained mutation: You are afflicted with vampirism and can
                  | become a bat while bloodless. [Vampire growth]
   611 | D:4      | Reached XP level 3. HP: 26/26 MP: 6/6
   616 | D:4      | Killed Eustachio
   617 | D:4      | Reached skill level 1 in Armour
   617 | D:4      | Reached skill level 5 in Stealth
   617 | D:4      | Reached skill level 5 in Hexes
   617 | D:4      | Reached XP level 4. HP: 15/32 MP: 7/7
   617 | D:4      | Reached XP level 5. HP: 17/37 MP: 8/8
   682 | D:4      | Learned a level 3 spell: Tukima's Dance
  1179 | D:4      | Noticed a phantom
  1185 | D:4      | Killed a phantom
  1186 | D:4      | Reached skill level 1 in Throwing
  1186 | D:4      | Reached skill level 6 in Stealth
  1186 | D:4      | Reached skill level 1 in Evocations
  1186 | D:4      | Reached XP level 6. HP: 39/43 MP: 3/9
  1384 | D:4      | Learned a level 3 spell: Frozen Ramparts
  1415 | D:4      | You fall into a shaft and drop 3 floors!
  1432 | D:7      | Found a staircase to the Ecumenical Temple.
  1614 | D:7      | Killed from afar by an orc wizard

Illustrated notes

Levels and vault maps discovered:
D:1:      dpeg_arrival_arbitrary_c, layout_basic, basic_ecumenical_altar,
          nrook_mini_vaults, grunt_decor_resistance
D:2:      layout_basic, minmay_lizard_king, uniq_crazy_yiuf_cottage
D:3:      layout_basic, lemuel_doored_altar, overflow_temple_1_default,
          serial_aquarium, aquarium_bridge_square [aquarium_subvault_bridge,
          aquarium_subvault_bridge, aquarium_subvault_bridge,
          aquarium_subvault_wall], aquarium_window_2, aquarium_window_1,
          aquarium_view_2e
D:4:      cheibrodos_quashed, layout_loops_cross, uniq_eustachio
D:7:      layout_loops_ring, zin_purify, mainiacjoe_overflow_cross_hatched,
          lemuel_coloured_pillars_altar, minmay_temple_entry_large_hall,
          serial_bayou_pond_d, nicolae_shop_clearance, uniq_menkaure,
          uniq_maggie
D:8:      layout_loops_ring, okawaru_metal_pillars_1_2, nrook_uturn,
          corexii_leaking_fountain, uniq_erica

Skill      XL: |  1  2  3  4  5 |
---------------+----------------+-----
Fighting       | 1 |  1.7
Short Blades   | 2 |  2.4
Armour         | 1 |  1.2
Stealth        | 5 6 |  6.2
Hexes          | 5 |  5.6
Throwing       | 1 |  1.2
Dodging        | 3 |  3.0
Evocations     | 1 |  1.1
Spellcasting   | |  2.6
Ice Magic      | |  0.4

Action                   |  1- 3 |  4- 6 || total
-------------------------+-------+-------++-------
Melee: Dagger            |    44 |       ||    44
       Bite              |     3 |     1 ||     4
       Short sword       |     2 |    18 ||    20
       Punch             |       |     1 ||     1
Throw: Dart              |    11 |    11 ||    22
 Cast: Ensorcelled Hiber |     1 |     9 ||    10
       Tukima's Dance    |       |     3 ||     3
 Abil: Exsanguinate      |       |     1 ||     1
Evoke: Wand              |     6 |    11 ||    17
  Use: Potion            |     2 |       ||     2
       Scroll            |     1 |     2 ||     3
 Stab: Sleeping          |     4 |     5 ||     9
       Invisible         |     2 |       ||     2
       Paralysed         |     1 |       ||     1
       Distracted        |       |     1 ||     1
Armor: Robe              |     9 |     3 ||    12
Dodge: Dodged            |    30 |    16 ||    46
